 Dungeon Crawl Stone Soup version 0.23.2 (webtiles) character file.

Game seed: 17013086459838778083

24 Borgoz the Sneak (level 3, 0/27 HPs)
             Began as a Ghoul Enchanter on Apr 4, 2019.
             Slain by a bat (1 damage)
             ... on level 1 of the Dungeon.
             The game lasted 00:01:06 (629 turns).

Borgoz the Sneak (Ghoul Enchanter)                   Turns: 629, Time: 00:01:07

Health: 0/27       AC:  2    Str: 11    XL:     3   Next: 2%
Magic:  4/4        EV: 12    Int: 10    God:
Gold:   16         SH:  0    Dex: 10    Spells: 4/5 levels left

rFire    . . .     SeeInvis .   a - +1 dagger
rCold    + . .     Gourm    .   (no shield)
rNeg     + + +     Faith    .   b - +0 robe
rPois    ∞         Spirit   .   (no helmet)
rElec    .         Reflect  .   (no cloak)
rCorr    .         Harm     .   (no gloves)
MR       .....                  (no boots)
Stlth    ++........             (no amulet)
HPRegen  0.00/turn              (no ring)
MPRegen  0.09/turn              (no ring)

@: rotting
A: rotting body, claws 1, carnivore, cold resistance 1, negative energy
resistance 3, inhibited regeneration, torment resistance, unbreathing
a: no special abilities


You were on level 1 of the Dungeon.
You were not hungry.

You visited 1 branch of the dungeon, and saw 1 of its levels.

You collected 16 gold pieces.

Inventory:

Hand Weapons
 a - a +1 dagger (weapon)
Armour
 b - a +0 robe (worn)
Comestibles
 d - 2 rations


   Skills:
 + Level 0.7 Fighting
 * Level 1.4 Short Blades
 * Level 1.1 Armour
 * Level 2.2 Dodging
 - Level 3.2 Stealth
 - Level 1.7 Spellcasting
 - Level 2.4 Hexes


You had 4 spell levels left.
You knew the following spells:

 Your Spells              Type           Power        Failure   Level  Hunger
a - Corona                Hex            #......      12%         1    ##.....

Your spell library contained the following spells:

 Spells                   Type           Power        Failure   Level  Hunger
 Ensorcelled Hibernation  Hex/Ice        #.....       30%         2    ###....
 Confuse                  Hex            #.......     34%         3    ####...
 Tukima's Dance           Hex            #.......     34%         3    ####...
 Dazzling Spray           Conj/Hex       #.....       52%         3    ####...


Dungeon Overview and Level Annotations

Branches:
Dungeon (1/15)

Altars:


Innate Abilities, Weirdness & Mutations

Your body is rotting away.
You thrive on raw meat.
You are immune to poison.
You have sharp fingernails.
You are carnivorous and can eat meat at any time.
Your flesh is cold resistant. (rC+)
You are immune to negative energy. (rN+++)
You do not regenerate when monsters are visible.
You are immune to unholy pain and torment.
You can survive without breathing.


Message History

You closely miss the bat. The bat hits you.
* * * LOW HITPOINT WARNING * * *
You hit the bat.
You kill the bat!
The bat hits you but does no damage.
You swing at nothing.
The bat closely misses you.
You hit the bat.
The bat is severely wounded.
The bat closely misses you.
You swing at nothing.
The bat misses you.
You barely miss the bat.
The bat is moderately wounded.
The bat misses you.
You swing at nothing.
The bat hits you.
* * * LOW HITPOINT WARNING * * *
You swing at nothing.
The bat hits you.
* * * LOW HITPOINT WARNING * * *
You swing at nothing.
The bat closely misses you.
You swing at nothing.
The bat hits you.
You die...

........####.####.......#..#.##..
.########.'...'.#.....$.#..#.....
.# ####.####........?...#... .#
#.'...'.#.#....##..#..... .####
####.####.#.#............ ..♣.##
#'# #..)............. .♣♣..## #.#
#..####.........S
.P♣...###########b###..PP).......
.♣♣....##...##..@#)..............
PP♣P........##.....#.PPPP.....>..
♣♣♣♣♣♣♣(....#...####..P♣♣........
.♣♣♣.P.÷.......## #..P♣♣♣........
.P♣P........#### PP.P♣♣ P..##....
..♣.....#...# .♣.♣♣♣ ...# #...
..♣....##...# #... ..## #..
#.....###...# #(P .# #(...##
#.>.#


You could see a bat.

Vanquished Creatures
  A gnoll (D:1)
  A dart slug (D:1)
  3 giant cockroaches (D:1)
  3 kobolds (D:1)
  A bat (D:1)
  A goblin (D:1)
  4 rats (D:1)
14 creatures vanquished.

Notes
Turn   | Place    | Note
-------+----------+-------------------------------------------
     0 | D:1      | Borgoz the Ghoul Enchanter began the quest for the Orb.
     0 | D:1      | Reached XP level 1. HP: 14/14 MP: 2/2
    34 | D:1      | Reached skill level 1 in Short Blades
   305 | D:1      | Reached XP level 2. HP: 22/22 MP: 3/3
   607 | D:1      | Reached skill level 1 in Armour
   607 | D:1      | Reached XP level 3. HP: 5/27 MP: 4/4
   627 | D:1      | HP: 1/27 [bat (1)]
   629 | D:1      | Slain by a bat

Skill      XL: |  1  2 |
---------------+-------+-----
Short Blades   | 1 |  1.4
Dodging        | 2 |  2.2
Armour         | 1 |  1.1
Fighting       | |  0.7
Stealth        | |  3.2
Spellcasting   | |  1.7
Hexes          | |  2.4

Action                   || total
-------------------------++-------
Melee: Dagger            ||    80
 Stab: Sleeping          ||     4
  Eat: Chunk             ||     6
Armor: Robe              ||    31
Dodge: Dodged            ||    83
